 Dungeon Crawl Stone Soup version 0.21.1-1-g345015f (webtiles) character file.

28 lysyklops the Firebug (level 3, 19/19 HPs)
             Began as a Gargoyle Fire Elementalist on July 23, 2018.
             Quit the game on level 2 of the Dungeon on July 24, 2018.
             The game lasted 00:07:36 (1915 turns).

lysyklops the Firebug (Gargoyle Fire Elementalist)  Turns: 1915, Time: 00:07:37

Health: 19/19      AC:  5    Str: 11    XL:     3   Next: 12%
Magic:  6/6        EV: 12    Int: 16    God:
Gold:   57         SH:  0    Dex: 10    Spells: 5/6 levels left

rFire    . . .     SeeInvis .   (no weapon)
rCold    . . .     Gourm    .   (no shield)
rNeg     + . .     Faith    .   a - +0 robe
rPois    ∞         Spirit   .   (no helmet)
rElec    +         Reflect  .   (no cloak)
rCorr    .         Harm     .   (no gloves)
MR       .....                  (no boots)
Stlth    ++........             (no amulet)
HPRegen  0.06/turn              (no ring)
MPRegen  0.10/turn              (no ring)

@: no status effects
A: negative energy resistance 1, electricity resistance, unbreathing,
petrification resistance, rot immunity, AC +3
a: no special abilities


You were on level 2 of the Dungeon.
You were near starving.

You visited 1 branch of the dungeon, and saw 2 of its levels.

You collected 57 gold pieces.

Inventory:

Hand Weapons
 k - a +0 dagger
 m - a +0 hunting sling
Missiles
 n - 32 stones (quivered)
Armour
 a - a +0 robe (worn)
 g - a cursed +0 robe
 i - a +0 ring mail of fire resistance
 l - a +0 hat
Jewellery
 j - an uncursed amulet of harm {unknown}
 o - an uncursed ring of positive energy {unknown}
Scrolls
 d - 2 scrolls of amnesia {unknown}
 e - 4 scrolls of identify {unknown}
 f - 3 scrolls of teleportation {unknown}
Potions
 h - a potion of heal wounds {unknown}
 p - a potion of haste {unknown}
Books
 b - a book of Flames

   Spells                             Type                      Level
   a - Flame Tongue                   Conjuration/Fire             1
   b - Throw Flame                    Conjuration/Fire             2
   c - Conjure Flame                  Conjuration/Fire             3
   d - Inner Flame                    Hexes/Fire                   3
   e - Sticky Flame                   Conjuration/Fire             4
   f - Fireball                       Conjuration/Fire             5
Comestibles
 c - 3 rations


   Skills:
 + Level 1.7 Dodging
 - Level 2.2 Stealth
 + Level 2.3 Spellcasting
 + Level 1.5 Conjurations
 + Level 3.6 Fire Magic


You had 5 spell levels left.
You knew the following spells:

 Your Spells              Type           Power        Failure   Level  Hunger
a - Flame Tongue          Conj/Fire      ##...        7%          1    #......


Dungeon Overview and Level Annotations

Branches:
Dungeon (2/15)

Altars:


Innate Abilities, Weirdness & Mutations

You are resistant to torment.
Your stone body is resilient. (AC +3)
You are immune to poison.
You resist negative energy. (rN+)
You are resistant to electric shocks. (rElec)
You can survive without breathing.
You are immune to petrification.
You are immune to rotting.


Message History

You start resting.
Magic restored.
You open the door.
There is an open door here.
You open the door.
There is an open door here.
There is an open door here.
As you open the door, it creaks loudly!
There is an open door here.
Found a dagger.
You open the door.
There is an open door here.
There is an open door here.
You are near starving!
There is an open door here.
There is an open door here.
Done exploring.
Done exploring.
Unknown command.
Are you sure you want to abandon this character and quit the game? (Confirm with "yes".)

### #.# #.....# ### ####.## #.#
#.###.# ##.## ....#.###
#.###.###.######...#### ........#
#..........^....[...... .###.##.#
#####.##########...#### .##..##.#
#÷# ##.## .##.###.# #.# #.#
.##.###.# ####.##### #.#
........# #....@...# ##'##
###.##### #.##.###.# ##...##
#.### ##.##.###.#####.....##
##...# #...........##.......##
##....#####..###.>..#.#.........#
......................')........'
##....#####...........#.........#
##.#.# #.###.#..#####.......##
###.# #.# #.##.# ##.....##


There were no monsters in sight!

Vanquished Creatures
  2 worms (D:2)
  A leopard gecko (D:1)
  2 giant cockroaches
  2 goblins (D:2)
  2 hobgoblins
  3 bats
  4 frilled lizards
  3 kobolds
  3 rats
22 creatures vanquished.

Notes
Turn   | Place    | Note
-------+----------+-------------------------------------------
     0 | D:1      | lysyklops the Gargoyle Fire Elementalist began the quest for the Orb.
     0 | D:1      | Reached XP level 1. HP: 10/10 MP: 3/3
   202 | D:1      | Reached XP level 2. HP: 13/15 MP: 0/5
  1487 | D:2      | Reached XP level 3. HP: 19/19 MP: 2/6
  1915 | D:2      | Quit the game

Action                   || total
-------------------------++-------
 Cast: Flame Tongue      ||    40
  Eat: Chunk             ||     2
Armor: Robe              ||     4
Dodge: Dodged            ||    18
